 Dungeon Crawl Stone Soup version 0.22-a0-803-gd6d8abe (webtiles) character file.

199 riteheju the Skirmisher (level 5, 0/42 HPs)
             Began as a Demonspawn Fighter on July 22, 2018.
             Killed by nerve-wracking pain
             ... invoked by an orc priest
              (2 damage)
             ... on level 3 of the Dungeon.
             The game lasted 00:06:04 (3429 turns).

riteheju the Skirmisher (Demonspawn Fighter)        Turns: 3429, Time: 00:06:06

Health: 0/42       AC:  9    Str: 18    XL:     5   Next: 48%
Magic:  5/5        EV:  7    Int:  9    God:
Gold:   164        SH:  9    Dex: 12    Spells: 4/4 levels left

rFire    . . .     SeeInvis .   a - +0 trident
rCold    . . .     Gourm    .   c - +0 shield
rNeg     . . .     Faith    .   b - +0 scale mail
rPois    .         Spirit   .   (helmet restricted)
rElec    .         Reflect  .   u - +0 cloak
rCorr    .         Harm     .   l - +0 pair of gloves
MR       .....                  (no boots)
Stlth    ..........             (no amulet)
HPRegen  0.14/turn              (no ring)
MPRegen  0.09/turn              (no ring)

@: no status effects
A: antennae 1
a: no special abilities


You were on level 3 of the Dungeon.
You were not hungry.

You visited 1 branch of the dungeon, and saw 3 of its levels.

You collected 164 gold pieces.

Inventory:

Hand Weapons
 a - a +0 trident (weapon)
Armour
 b - a +0 scale mail (worn)
 c - a +0 shield (worn)
 l - a +0 pair of gloves (worn)
 u - a +0 cloak (worn)
Jewellery
 m - an uncursed amulet of the gourmand {unknown}
 n - an uncursed ring of stealth {unknown}
 t - an uncursed ring of protection from fire {unknown}
Wands
 o - a wand of random effects (28)
Scrolls
 g - a scroll of enchant weapon {unknown}
 h - 2 scrolls of enchant armour {unknown}
 p - 2 scrolls of amnesia {unknown}
 q - a scroll of identify {unknown}
 s - a scroll of fear {unknown}
 v - a scroll of teleportation {unknown}
 w - a scroll of remove curse {unknown}
Potions
 d - 3 potions of might
 e - a potion of berserk rage {unknown}
 i - a potion of lignification {unknown}
 j - a potion of haste {unknown}
 k - 2 potions of curing {unknown}
 r - a potion of degeneration {unknown}
 z - a potion of agility {unknown}
Comestibles
 f - 7 rations
 x - 2 chunks of flesh


   Skills:
 + Level 3.8 Fighting
 + Level 3.4 Polearms
 + Level 3.3 Armour
 + Level 1.1 Dodging
 + Level 0.1 Stealth
 + Level 3.4 Shields


You had 4 spell levels left.
You didn't know any spells.
Your spell library was empty.

Dungeon Overview and Level Annotations

Branches:
Dungeon (3/15)

Altars:
Dithmenos


Innate Abilities, Weirdness & Mutations

You have a pair of small antennae on your head.


Message History

The orc priest calls down the wrath of Beogh upon you.
Beogh smites you! The orc hits you but does no damage.
The orc priest hits you but does no damage.
You puncture the orc priest!
The orc priest is almost dead.
You block the orc's attack.
The orc priest invokes the aid of Beogh against you.
Beogh smites you!
* * * LOW HITPOINT WARNING * * *
Your shield and scale mail prevent you from hitting the orc priest.
The orc priest is almost dead.
You block the orc's attack. The orc priest hits you with a whip.
* * * LOW HITPOINT WARNING * * *
You closely miss the orc priest.
The orc priest is almost dead.
The orc hits you with a club.
* * * LOW HITPOINT WARNING * * *
The orc priest calls down the wrath of Beogh upon you.
Pain shoots through your body!
You die...

........#.#.##.#
..#..##.....)#.#......#
###.......####.#o≈.≈≈.#
###...#.######.#oo8...#
......#........#...8≈.#
...............#o≈≈.≈.#
######......##.# .....
............##.###''#
######......##.#@#).# #
#......##.#oo.##
########.#####.#.###
.........# #.#.#
#......#######.#.#
.......'.....#.#.#
#......#####.#.#.#
.......# #.....#
######.# ###.###


You could see an orc priest and an orc.

Vanquished Creatures
  A centaur zombie (D:2)
  A worker ant (D:3)
  Robin (D:2)
  2 adders (D:3)
  An ooze (D:2)
  3 worms
  2 dart slugs (D:1)
  A leopard gecko (D:1)
  5 orcs (D:3)
  A ball python (D:3)
  4 giant cockroaches
  16 goblins
  12 hobgoblins
  4 jackals (D:3)
  3 quokkas
  9 bats
  5 frilled lizards (D:1)
  9 kobolds
  7 rats
87 creatures vanquished.

Notes
Turn   | Place    | Note
-------+----------+-------------------------------------------
     0 | D:1      | riteheju the Demonspawn Fighter began the quest for the Orb.
     0 | D:1      | Reached XP level 1. HP: 18/18 MP: 1/1
   144 | D:1      | Gained mutation: You have a pair of small antennae on your head. [demonic ancestry]
   144 | D:1      | Reached XP level 2. HP: 23/24 MP: 2/2
   451 | D:1      | Reached XP level 3. HP: 29/29 MP: 3/3
  1196 | D:2      | Noticed Robin
  1237 | D:2      | Killed Robin
  1237 | D:2      | Reached XP level 4. HP: 23/35 MP: 4/4
  1455 | D:2      | Found a shadowy altar of Dithmenos.
  2162 | D:3      | Reached skill level 1 in Dodging
  2358 | D:3      | Reached XP level 5. HP: 39/41 MP: 5/5
  3429 | D:3      | HP: 2/42 [orc/club (5)]
  3429 | D:3      | Killed from afar by an orc priest

Vault maps used:
D:1:      enne_arrival_octagon_isle, patterned_corridor
D:2:      grunt_dithmenos_smoke_and_mirrors, uniq_robin
D:3:      first_ration, kennysheep_generic_room_12

Skill      XL: |  1  2  3  4 |
---------------+-------------+-----
Polearms       | 2 3 |  3.4
Shields        | 3 |  3.4
Armour         | 3 |  3.3
Dodging        | 1 |  1.1
Fighting       | |  3.8
Stealth        | |  0.1

Action                   |  1- 3 |  4- 6 || total
-------------------------+-------+-------++-------
Melee: Trident           |   149 |   140 ||   289
  Eat: Chunk             |     1 |     4 ||     5
       Ration            |       |     1 ||     1
Armor: Scale mail        |    48 |    54 ||   102
Dodge: Dodged            |    32 |    38 ||    70
Block: Shield            |    51 |    47 ||    98

Table legend:
 A = Spawn XP
 B = Non-spawn XP
 C = Spawn XP percentage of total XP
 D = Spawn monster count
 E = Non-spawn monster count
 F = Spawn count percentage of total count
 G = Total turns spent on level
                    A         B        C        D         E        F      G
               +---------+---------+-------+---------+---------+-------+---------
         Total |       0 |     285 |   0.0 |       0 |      87 |   0.0 |  3429
               +---------+---------+-------+---------+---------+-------+---------
           D:1 |       0 |      51 |   0.0 |       0 |      29 |   0.0 |   826
           D:2 |       0 |     116 |   0.0 |       0 |      28 |   0.0 |  1267
           D:3 |       0 |     118 |   0.0 |       0 |      30 |   0.0 |  1336
               +---------+---------+-------+---------+---------+-------+---------
